TOP OF THE 1ST |
Menlo Maniacs batting - Pitching for Balzac Rams : RHP Carlos Bamber
|
Pitching: RHP Carlos Bamber
|
|
Batting: RHB Robert Downing
|
0-0: Ball 1-0: Ground out 2-3 (Groundball, 2L)
|
Batting: LHB Jeff Tucker
|
0-0: Called Strike 0-1: Fly out, F7 (Flyball, 78D)
|
Batting: LHB Arthur Hall
|
0-0: Ball 1-0: Called Strike 1-1: SINGLE (Groundball, 4M)
|
Batting: LHB Marcos Pérez
|
0-0: Ball 1-0: Called Strike 1-1: Swinging Strike 1-2: Foul Ball, location: 2F 1-2: Fly out, F8 (Flyball, 8LS)
|
Top of the 1st over - 0 run(s), 1 hit(s), 0 error(s), 1 left on base; Menlo 0 - Balzac 0 |
BOTTOM OF THE 1ST |
Balzac Rams batting - Pitching for Menlo Maniacs : RHP Jeff Davis
|
Pitching: RHP Jeff Davis
|
|
Batting: RHB Ron Glass
|
0-0: SOLO HOME RUN (Flyball, 89D), Distance : 409 ft
|
Batting: RHB Enrico Ramos
|
0-0: SINGLE (Flyball, 6MD)
|
Batting: LHB José Román
|
0-0: Foul Ball, location: 2F 0-1: DOUBLE (Line Drive, 9LD) Enrico Ramos to third
|
Batting: RHB Paul Spencer
|
0-0: Swinging Strike 0-1: Called Strike 0-2: Strikes out swinging
|
Batting: LHB Daniel Carter
|
0-0: Foul Ball, location: 2F 0-1: Foul Ball, location: 2F 0-2: SINGLE (Groundball, 34S) Enrico Ramos scores José Román to third Runner from 3rd tries for Home, SAFE, no throw or cutoff
|
Batting: RHB James Tucker
|
0-0: Fly out, F7 (Flyball, 7M)
|
Batting: RHB Jeff Stevenson
|
0-0: Ball 1-0: Called Strike 1-1: DOUBLE (Flyball, 89XD) Daniel Carter to third Runner from 3rd tries for Home, SAFE, no throw or cutoff
|
Batting: LHB John Horton
|
0-0: SINGLE (Line Drive, 6D) Jeff Stevenson to third
|
Batting: RHB Curt Wagner
|
0-0: Foul Ball, location: 2F 0-1: Ball 1-1: Called Strike 1-2: Foul Ball, location: 2F 1-2: Ball 2-2: Foul Ball, location: 2F 2-2: Strikes out looking
|
Bottom of the 1st over - 4 run(s), 6 hit(s), 0 error(s), 2 left on base; Menlo 0 - Balzac 4 |
TOP OF THE 2ND |
Menlo Maniacs batting - Pitching for Balzac Rams : RHP Carlos Bamber
|
Batting: RHB Júlio Trinidad
|
0-0: Swinging Strike 0-1: Reached on error, E5 (Groundball, 5)
|
Batting: RHB Ernest Russell
|
0-0: Foul Ball, location: 2F 0-1: SINGLE (Flyball, 7S) Júlio Trinidad to second
|
Batting: LHB Marcos Vázquez
|
0-0: Swinging Strike 0-1: Ball 1-1: Ball 2-1: Swinging Strike 2-2: Ball 3-2: Foul Ball, location: 2F 3-2: Foul Ball, location: 2F 3-2: Fly out, F7 (Flyball, 78D)
|
Batting: LHB Keith Green
|
0-0: Grounds out, U3 (Groundball, 3L) Júlio Trinidad to third
|
Batting: RHB Gilberto León
|
0-0: Reached on error, E5 (Groundball, 5S) Júlio Trinidad scores Ernest Russell to third
|
Batting: RHB Robert Downing
|
0-0: Called Strike 0-1: Swinging Strike 0-2: Foul Ball, location: 2F 0-2: Strikes out swinging
|
Top of the 2nd over - 1 run(s), 1 hit(s), 2 error(s), 2 left on base; Menlo 1 - Balzac 4 |
BOTTOM OF THE 2ND |
Balzac Rams batting - Pitching for Menlo Maniacs : RHP Jeff Davis
|
Batting: RHB Ron Glass
|
0-0: Ball 1-0: Ground out 2-3 (Groundball, 2R)
|
Batting: RHB Enrico Ramos
|
0-0: Called Strike 0-1: Ball 1-1: Swinging Strike 1-2: Ball 2-2: Ground out 6-3 (Groundball, 6M)
|
Batting: LHB José Román
|
0-0: Ball 1-0: Called Strike 1-1: Ground out 4-3 (Groundball, 34)
|
Bottom of the 2nd over - 0 run(s), 0 hit(s), 0 error(s), 0 left on base; Menlo 1 - Balzac 4 |
TOP OF THE 3RD |
Menlo Maniacs batting - Pitching for Balzac Rams : RHP Carlos Bamber
|
Batting: LHB Jeff Tucker
|
0-0: Foul Ball, location: 2F 0-1: Foul Ball, location: 2F 0-2: Foul Ball, location: 2F 0-2: Foul Ball, location: 2F 0-2: Strikes out looking
|
Batting: LHB Arthur Hall
|
0-0: Ball 1-0: Ground out 4-3 (Groundball, 4)
|
Batting: LHB Marcos Pérez
|
0-0: Called Strike 0-1: Ball 1-1: Called Strike 1-2: Foul Ball, location: 2F 1-2: Foul Ball, location: 2F 1-2: Foul Ball, location: 2F 1-2: Ball 2-2: Foul Ball, location: 2F 2-2: Foul Ball, location: 2F 2-2: Ground out 4-3 (Groundball, 4)
|
Top of the 3rd over - 0 run(s), 0 hit(s), 0 error(s), 0 left on base; Menlo 1 - Balzac 4 |
BOTTOM OF THE 3RD |
Balzac Rams batting - Pitching for Menlo Maniacs : RHP Jeff Davis
|
Batting: RHB Paul Spencer
|
0-0: Foul Ball, location: 2F 0-1: Foul Ball, location: 2F 0-2: Foul Ball, location: 2F 0-2: SINGLE (Line Drive, 78S)
|
Batting: LHB Daniel Carter
|
0-0: Called Strike 0-1: SINGLE (Groundball, 4MD) Paul Spencer to second
|
Batting: RHB James Tucker
|
0-0: Fly out, F7 (Flyball, 78XD) Runner from 2nd tags up, SAFE at 3rd, no throw
|
Batting: RHB Jeff Stevenson
|
0-0: Swinging Strike 0-1: Ground out 3-1 (Groundball, 34S) Paul Spencer scores Daniel Carter to second
|
Batting: LHB John Horton
|
0-0: Foul Ball, location: 2F 0-1: Fly out, F7 (Flyball, 7M)
|
Bottom of the 3rd over - 1 run(s), 2 hit(s), 0 error(s), 1 left on base; Menlo 1 - Balzac 5 |
TOP OF THE 4TH |
Menlo Maniacs batting - Pitching for Balzac Rams : RHP Carlos Bamber
|
Batting: RHB Júlio Trinidad
|
0-0: Called Strike 0-1: Swinging Strike 0-2: Ball 1-2: Ground out 6-3 (Groundball, 6M)
|
Pitching: RHP Steve Deal
|
|
Batting: RHB Ernest Russell
|
0-0: Foul Ball, location: 2F 0-1: Swinging Strike 0-2: Foul Ball, location: 2F 0-2: Ball 1-2: Foul Ball, location: 2F 1-2: Foul Ball, location: 2F 1-2: Ground out 5-3 (Groundball, 56)
|
Batting: LHB Marcos Vázquez
|
0-0: Called Strike 0-1: Swinging Strike 0-2: Ball 1-2: Ball 2-2: Ground out U3 (Groundball, 3)
|
Top of the 4th over - 0 run(s), 0 hit(s), 0 error(s), 0 left on base; Menlo 1 - Balzac 5 |
BOTTOM OF THE 4TH |
Balzac Rams batting - Pitching for Menlo Maniacs : RHP Jeff Davis
|
Batting: RHB Curt Wagner
|
0-0: Ground out 6-3 (Groundball, 6)
|
Batting: RHB Ron Glass
|
0-0: Ball 1-0: Ball 2-0: Fly out, F8 (Flyball, 8LS)
|
Batting: RHB Enrico Ramos
|
0-0: Ball 1-0: Ground out 6-3 (Groundball, 6M)
|
Bottom of the 4th over - 0 run(s), 0 hit(s), 0 error(s), 0 left on base; Menlo 1 - Balzac 5 |
TOP OF THE 5TH |
Menlo Maniacs batting - Pitching for Balzac Rams : RHP Steve Deal
|
Batting: LHB Keith Green
|
0-0: Swinging Strike 0-1: Ball 1-1: Foul Ball, location: 2F 1-2: Strikes out looking
|
Batting: RHB Gilberto León
|
0-0: Ball 1-0: Foul Ball, location: 2F 1-1: SINGLE (Flyball, 78S)
|
Batting: RHB Robert Downing
|
0-0: Ball 1-0: Called Strike 1-1: Foul Ball, location: 2F 1-2: Foul Ball, location: 2F 1-2: Strikes out swinging
|
Batting: LHB Jeff Tucker
|
0-0: Ball 1-0: Foul Ball, location: 2F 1-1: Ball 2-1: SINGLE (Flyball, 7S) Gilberto León to second
|
Batting: LHB Arthur Hall
|
0-0: DOUBLE (Line Drive, 78D) Gilberto León scores Jeff Tucker to third
|
Batting: LHB Marcos Pérez
|
0-0: Ball 1-0: Called Strike 1-1: Ball 2-1: Foul Ball, location: 2F 2-2: Ball 3-2: SINGLE (Line Drive, 6M) Jeff Tucker scores Arthur Hall to third Arthur Hall scores
|
Batting: RHB Júlio Trinidad
|
0-0: Called Strike 0-1: Swinging Strike 0-2: Strikes out swinging
|
Top of the 5th over - 3 run(s), 4 hit(s), 0 error(s), 1 left on base; Menlo 4 - Balzac 5 |
BOTTOM OF THE 5TH |
Balzac Rams batting - Pitching for Menlo Maniacs : RHP Jeff Davis
|
Batting: LHB José Román
|
0-0: Ball 1-0: Called Strike 1-1: Swinging Strike 1-2: Strikes out looking
|
Batting: RHB Paul Spencer
|
0-0: Ball 1-0: Ball 2-0: Ball 3-0: Base on Balls
|
Batting: LHB Daniel Carter
|
0-0: Grounds into double play, 4-6-3 (Groundball, 34)
|
Bottom of the 5th over - 0 run(s), 0 hit(s), 0 error(s), 0 left on base; Menlo 4 - Balzac 5 |
TOP OF THE 6TH |
Menlo Maniacs batting - Pitching for Balzac Rams : RHP Steve Deal
|
Pitching: LHP Martin Balsano
|
|
Batting: RHB Ernest Russell
|
0-0: Ball 1-0: Foul Ball, location: 2F 1-1: Ball 2-1: Ball 3-1: Foul Ball, location: 2F 3-2: SINGLE (Groundball, 56D)
|
Batting: LHB Marcos Vázquez
|
0-0: Swinging Strike 0-1: Ball 1-1: Foul Ball, location: 2F 1-2: Ball 2-2: Fly out, F9 (Flyball, 9LS)
|
Batting: LHB Keith Green
|
0-0: Ball 1-0: Called Strike 1-1: Ball 2-1: Called Strike 2-2: Ball 3-2: Foul Ball, location: 2F 3-2: Strikes out swinging
|
Batting: RHB Gilberto León
|
0-0: Swinging Strike 0-1: Ball 1-1: Swinging Strike 1-2: Ball 2-2: SINGLE (Line Drive, 78S) Ernest Russell to second
|
Batting: RHB Robert Downing
|
0-0: Ball 1-0: Fly out, F2 (Popup, 25F)
|
Top of the 6th over - 0 run(s), 2 hit(s), 0 error(s), 2 left on base; Menlo 4 - Balzac 5 |
BOTTOM OF THE 6TH |
Balzac Rams batting - Pitching for Menlo Maniacs : RHP Jeff Davis
|
Batting: RHB James Tucker
|
0-0: Fly out, F2 (Popup, 2RF)
|
Batting: RHB Jeff Stevenson
|
0-0: Called Strike 0-1: Swinging Strike 0-2: Strikes out swinging
|
Batting: LHB John Horton
|
0-0: Foul Ball, location: 2F 0-1: Swinging Strike 0-2: Ball 1-2: Strikes out swinging
|
Bottom of the 6th over - 0 run(s), 0 hit(s), 0 error(s), 0 left on base; Menlo 4 - Balzac 5 |
TOP OF THE 7TH |
Menlo Maniacs batting - Pitching for Balzac Rams : LHP Martin Balsano
|
Batting: LHB Jeff Tucker
|
0-0: Ball 1-0: Foul Ball, location: 2F 1-1: Fly out, F4 (Line Drive, 4)
|
Batting: LHB Arthur Hall
|
0-0: Ball 1-0: Foul Ball, location: 2F 1-1: Ball 2-1: Ball 3-1: Called Strike 3-2: Strikes out looking
|
Batting: LHB Marcos Pérez
|
0-0: Swinging Strike 0-1: Called Strike 0-2: Ball 1-2: Strikes out looking
|
Top of the 7th over - 0 run(s), 0 hit(s), 0 error(s), 0 left on base; Menlo 4 - Balzac 5 |
BOTTOM OF THE 7TH |
Balzac Rams batting - Pitching for Menlo Maniacs : RHP Jeff Davis
|
Batting: RHB Curt Wagner
|
0-0: Called Strike 0-1: Foul Ball, location: 2F 0-2: Ball 1-2: Ball 2-2: Foul Ball, location: 2F 2-2: Strikes out swinging
|
Batting: RHB Ron Glass
|
0-0: Ball 1-0: Ball 2-0: Foul Ball, location: 2F 2-1: Fly out, F7 (Line Drive, 7LM)
|
Batting: RHB Enrico Ramos
|
0-0: Called Strike 0-1: Ground out 4-3 (Groundball, 4)
|
Bottom of the 7th over - 0 run(s), 0 hit(s), 0 error(s), 0 left on base; Menlo 4 - Balzac 5 |
TOP OF THE 8TH |
Menlo Maniacs batting - Pitching for Balzac Rams : LHP Martin Balsano
|
Pitching: LHP Nick Johnson
|
|
Batting: RHB Júlio Trinidad
|
0-0: Ball 1-0: Foul Ball, location: 2F 1-1: Foul Ball, location: 2F 1-2: Ball 2-2: Ball 3-2: Base on Balls
|
Pinch Hitting: RHB Steve Sampson
|
0-0: Bunt missed! 0-1: Ball 1-1: Ball 2-1: Sac Bunt - play at first, batter OUT! 6-4 Júlio Trinidad to second
|
Pinch Hitting: RHB Bob Campbell
|
0-0: DOUBLE (Flyball, 8LS) Júlio Trinidad scores
|
Pinch Hitting: RHB Philip Burke
|
0-0: Intentional Walk
|
Batting: RHB Gilberto León
|
0-0: Ball 1-0: Grounds into double play, 6-4-3 (Groundball, 6)
|
Top of the 8th over - 1 run(s), 1 hit(s), 0 error(s), 1 left on base; Menlo 5 - Balzac 5 |
BOTTOM OF THE 8TH |
Balzac Rams batting - Pitching for Menlo Maniacs : RHP Jeff Davis
|
Now at 1B: Steve Sampson
|
|
Now at SS: Philip Burke
|
|
Now in LF: Bob Campbell
|
|
Batting: LHB José Román
|
0-0: Ground out 5-3 (Groundball, 5S)
|
Pinch Hitting: LHB William Wolf
|
0-0: Foul Ball, location: 2F 0-1: Ball 1-1: Ball 2-1: Swinging Strike 2-2: Foul Ball, location: 2F 2-2: Ball Reached via error on a dropped throw, E3
|
Batting: LHB Daniel Carter
|
0-0: Foul Ball, location: 2F 0-1: Ball 1-1: Ball 2-1: Foul Ball, location: 2F 2-2: Ball 3-2: SINGLE (Groundball, 34) William Wolf to second Runner from 2nd tries for 3rd, SAFE, throw made to third Daniel Carter to second
|
Pinch Hitting: SHB Reynaldo Gallegos
|
0-0: Fly out, F9 (Flyball, 9LM) Runner from 3rd tags up, SCORES, throw made
|
Batting: RHB Jeff Stevenson
|
0-0: Called Strike 0-1: Ball 1-1: Ball 2-1: Ground out 4-3 (Groundball, 4)
|
Bottom of the 8th over - 1 run(s), 1 hit(s), 1 error(s), 1 left on base; Menlo 5 - Balzac 6 |
TOP OF THE 9TH |
Menlo Maniacs batting - Pitching for Balzac Rams : LHP Nick Johnson
|
Pitching: RHP John Harris
|
|
Now at 1B: Carlos Barrios
|
|
Now in CF: Reynaldo Gallegos
|
|
Batting: RHB Robert Downing
|
0-0: Ball 1-0: Called Strike 1-1: SOLO HOME RUN (Flyball, 7D), Distance : 417 ft
|
Batting: LHB Jeff Tucker
|
0-0: Ball 1-0: Ball 2-0: Ball 3-0: Called Strike 3-1: Base on Balls
|
Batting: LHB Arthur Hall
|
0-0: Foul Ball, location: 2F 0-1: Ball 1-1: Called Strike 1-2: Ball 2-2: Ball 3-2: Base on Balls Jeff Tucker to second
|
Batting: LHB Marcos Pérez
|
0-0: Ball 1-0: Called Strike 1-1: Ball 2-1: DOUBLE (Line Drive, 8RXD) Jeff Tucker scores Arthur Hall to third
|
Batting: RHB Júlio Trinidad
|
0-0: Ball 1-0: Ball 2-0: Called Strike 2-1: Fly out, F4 (Popup, 3D)
|
Batting: RHB Steve Sampson
|
0-0: Intentional Walk
|
Pinch Hitting: LHB Vicente Chávez
|
0-0: Ball 1-0: Called Strike 1-1: Foul Ball, location: 2F 1-2: Strikes out swinging
|
Pinch Hitting: LHB Pedro Rodríguez
|
0-0: Ball 1-0: Called Strike 1-1: Called Strike 1-2: Ball 2-2: Ball 3-2: Strikes out swinging
|
Top of the 9th over - 2 run(s), 2 hit(s), 0 error(s), 3 left on base; Menlo 7 - Balzac 6 |
BOTTOM OF THE 9TH |
Balzac Rams batting - Pitching for Menlo Maniacs : RHP Jeff Davis
|
Pitching: RHP James Jones
|
|
Now at SS: Paul Hardy
|
|
Now in LF: Pedro Rodríguez
|
|
Batting: LHB John Horton
|
0-0: Ball 1-0: Ball 2-0: Called Strike 2-1: Foul Ball, location: 2F 2-2: Strikes out swinging
|
Pinch Hitting: RHB Shaun Puckett
|
0-0: Ball 1-0: Ball 2-0: Called Strike 2-1: Swinging Strike 2-2: Foul Ball, location: 2F 2-2: Foul Ball, location: 2F 2-2: Strikes out swinging
|
Batting: RHB Ron Glass
|
0-0: Ground out 6-3 (Groundball, 6)
|
Bottom of the 9th over - 0 run(s), 0 hit(s), 0 error(s), 0 left on base; Menlo 7 - Balzac 6 |
|